 Dungeon Crawl Stone Soup version 0.31-a0-115-g4708a659fe (webtiles) character file.

Game seed: 7695565832570216103

1438 MacCMillion the Skirmisher (level 8, -2/39 HPs)
             Began as a Spriggan Hunter on May 29, 2023.
             Was an Initiate of Dithmenos.
             Slain by a killer bee (8 damage)
             ... on level 4 of the Dungeon.
             The game lasted 00:09:08 (5824 turns).

MacCMillion the Skirmisher (Spriggan Hunter)        Turns: 5824, Time: 00:09:08

Health: -2/39      AC:  2    Str:  7    XL:     8   Next: 45%
Magic:  9/9        EV: 19    Int: 11    God:    Dithmenos [......]
Gold:   256        SH:  0    Dex: 20    Spells: 7/7 levels left

rFire   . . .        r - +0 orcbow
rCold   . . .        (shield currently unavailable)
rNeg    . . .        c - +0 robe
rPois   .            (helmet restricted)
rElec   .            (no cloak)
rCorr   .            (gloves unavailable)
SInv    +            (boots unavailable)
Will    +....        (no amulet)
Stlth   +++          (no ring)
HPRegen 0.26/turn    (no ring)
MPRegen 0.11/turn

%: no passive effects
@: very quick
A: very small, no large weapons, unfitting armour, see invisible, speed 3
a: Renounce Religion


You were on level 4 of the Dungeon.
You worshipped Dithmenos.
Dithmenos was noncommittal.
You visited 2 branches of the dungeon, and saw 7 of its levels.

You collected 256 gold pieces.

Inventory:

Hand Weapons
 a - a +0 shortbow
 r - a +0 orcbow (weapon)
Armour
 c - a +0 robe (worn)
Jewellery
 v - a ring of wizardry
Wands
 o - a wand of charming (6)
Scrolls
 b - 2 scrolls of immolation
 f - a scroll of poison {unknown}
 g - 2 scrolls of vulnerability {unknown}
 i - a scroll of enchant armour {unknown}
 l - a scroll of noise {unknown}
 q - 2 scrolls of teleportation {unknown}
 s - a scroll of silence {unknown}
Potions
 d - 2 potions of degeneration {unknown}
 h - a potion of curing
 j - 2 potions of attraction
 k - 3 potions of brilliance {unknown}
 m - a potion of cancellation {unknown}
 n - 2 potions of mutation
 p - a potion of lignification {unknown}
 t - a potion of enlightenment {unknown}
 u - a potion of haste {unknown}


   Skills:
 + Level 2.4 Fighting
 * Level 10.5 Ranged Weapons
 + Level 4.0 Dodging
 - Level 4.0 Stealth


You had 7 spell levels left.
You didn't know any spells.
Your spell library contained the following spells:

 Spells                   Type           Power      Damage    Failure   Level
 Summon Small Mammal      Summ           0%         N/A       34%         1
 Call Canine Familiar     Summ           0%         N/A       71%         3
 Summon Guardian Golem    Hex/Summ       0%         N/A       71%         3


Dungeon Overview and Level Annotations

Branches:
Dungeon (6/15)             Temple (1/1) D:6

Altars:
Ashenzari
Cheibriados
Dithmenos
Fedhas
Gozag
Hepliaklqana
Kikubaaqudgha
Makhleb
Nemelex Xobeh
Qazlal
Ru
Sif Muna
Trog
Uskayaw
Wu Jian
Xom
Yredelemnul
The Shining One


Innate Abilities, Weirdness & Mutations

You are very small and have problems with some larger weapons.
You are too small for most types of armour.
You have supernaturally acute eyesight. (SInv)
You cover ground extremely quickly. (Speed+++)


Message History

The killer bee stings you.
You are too injured to fight recklessly!
You are too injured to fight recklessly!
Fire: r) +0 orcbow
Press: ? - help, Q - select action, (/) - cycle Shift-Dir - straight line, f - killer bee
Aim: a killer bee (36% to hit)
You shoot an arrow. The arrow misses the killer bee.
The killer bee stings you but does no damage.
The killer bee stings you.
* * * LOW HITPOINT WARNING * * *
Fire: r) +0 orcbow
Press: ? - help, Q - select action, (/) - cycle Shift-Dir - straight line, f/p - killer bee
Aim: a killer bee (36% to hit)
You shoot an arrow.
The arrow hits the killer bee but does no damage.
The killer bee closely misses you. The killer bee misses you.
The killer bee completely misses you.
Fire: r) +0 orcbow
Press: ? - help, Q - select action, (/) - cycle Shift-Dir - straight line, f/p - killer bee
Aim: a killer bee (36% to hit)
Okay, then.
The killer bee misses you.
The killer bee attacks as you move away!
The killer bee completely misses you.
The killer bee attacks as you move away!
The killer bee completely misses you.
You see here a +0 giant club.
The killer bee barely misses you.
There is a stone staircase leading up here.
The killer bee stings you.
* * * LOW HITPOINT WARNING * * *
The killer bee stings you but does no damage.
You climb upwards.
There is a stone staircase leading down here.
Fire: r) +0 orcbow
Press: ? - help, Q - select action, (/) - cycle Shift-Dir - straight line, f - killer bee
Aim: a killer bee (36% to hit)
You shoot an arrow. The arrow barely misses the killer bee.
The killer bee misses you. The killer bee stings you!
You die...

....#.....#........#
....#.....'........#
....#.....#........#
....#######........#
####......#........#
#......#........#
#......#........#
#......#........#
#......#.....@y.#
#......#........#
#......#........#
#......#........#
##.....#....)...#
#.....#........#
#.....'........#
#.....#........#
#.....#........#


You could see a killer bee.

Vanquished Creatures
  A water moccasin (D:5)
  A sky beast (D:6)
  4 ogres
  A centaur (D:5)
  A bullfrog (D:6)
  3 scorpions
  2 killer bees (D:5)
  A howler monkey (D:4)
  4 hounds (D:4)
  Terence (D:3)
  Natasha (D:4)
  4 iguanas
  An orc wizard (D:4)
  9 adders
  A dart slug (D:2)
  2 orcs
  4 ball pythons
  5 endoplasms
  2 giant cockroaches (D:4)
  6 hobgoblins
  4 jackals (D:4)
  7 quokkas
  9 bats
  11 frilled lizards
  8 goblins
  9 kobolds
  4 rats
106 creatures vanquished.

Notes
Turn   | Place    | Note
-------+----------+-------------------------------------------
     0 | D:1      | MacCMillion the Spriggan Hunter began the quest for the
                  | Orb.
     0 | D:1      | Reached XP level 1. HP: 10/10 MP: 2/2
   119 | D:1      | Reached XP level 2. HP: 14/14 MP: 3/3
   180 | D:1      | Found a faded altar of an unknown god.
   882 | D:2      | Identified the +7 hand axe of the Establishment {speed, rF+
                  | rC+}
   946 | D:2      | Reached XP level 3. HP: 18/18 MP: 4/4
  1351 | D:3      | Reached skill level 5 in Ranged Weapons
  1419 | D:3      | Found a sparkling altar of Nemelex Xobeh.
  1422 | D:3      | Found a shimmering altar of Xom.
  1438 | D:3      | Reached XP level 4. HP: 22/22 MP: 5/5
  1636 | D:3      | Noticed Terence
  1671 | D:3      | Killed Terence
  1743 | D:3      | Found a stormy altar of Qazlal.
  1978 | D:4      | Reached XP level 5. HP: 25/25 MP: 6/6
  2094 | D:4      | Found a sacrificial altar of Ru.
  2116 | D:4      | Reached skill level 6 in Ranged Weapons
  2435 | D:4      | Noticed Natasha
  2442 | D:4      | Killed Natasha
  2691 | D:4      | Reached skill level 7 in Ranged Weapons
  2691 | D:4      | Reached XP level 6. HP: 20/30 MP: 7/7
  3309 | D:5      | Entered Level 5 of the Dungeon
  3647 | D:4      | Reached skill level 8 in Ranged Weapons
  3766 | D:4      | Reached XP level 7. HP: 33/33 MP: 8/8
  4214 | D:5      | Reached skill level 9 in Ranged Weapons
  4802 | D:5      | Reached XP level 8. HP: 37/37 MP: 9/9
  5095 | D:5      | Reached skill level 10 in Ranged Weapons
  5163 | D:5      | Found a bloodstained altar of Trog.
  5231 | D:6      | Found a staircase to the Ecumenical Temple.
  5241 | Temple   | Entered the Ecumenical Temple
  5476 | Temple   | Became a worshipper of Dithmenos the Shadowed
  5824 | D:4      | Slain by a killer bee

Illustrated notes

Levels and vault maps discovered:
D:1:      nicolae_arrival_somewhat_less_tricky_arrival, layout_basic,
          ebering_ecumenical_altar_abandoned, chequers_decorated_corner,
          minmay_pentomino_q4
D:2:      layout_basic, grunt_decor_one_mirror
D:3:      layout_basic, nicolae_overflow_squiral,
          nicolae_qazlal_general_emergency, kennysheep_generic_room_5,
          uniq_terence
D:4:      layout_gridville, nicolae_ru_great_annihilating_truth, uniq_natasha
D:5:      layout_rooms, trog_butcher_becter, minmay_lizard_king
D:6:      layout_gridville, mainiacjoe_overflow_24_doors,
          minmay_temple_entry_waves, portal_sewer_entry_d,
          uniq_crazy_yiuf_cottage
Temple:   nicolae_temple_figure_eight

Skill      XL: |  1  2  3  4  5  6  7  8 |
---------------+-------------------------+-----
Stealth        | 2 3 4 |  4.0
Ranged Weapons | 5 7 8 9 10 | 10.5
Dodging        | 4 |  4.0
Fighting       | 2 |  2.4

Action                     |  1- 3 |  4- 6 |  7- 9 || total
---------------------------+-------+-------+-------++-------
   Fire: Shortbow          |    92 |   157 |    67 ||   316
         Orcbow            |       |       |    94 ||    94
    Use: Scroll            |       |       |     4 ||     4
         Potion            |       |       |     4 ||     4
 Armour: Robe              |       |     5 |     7 ||    12
  Dodge: Dodged            |     6 |    39 |   112 ||   157

Table legend: (Time is in decaauts)
 A = Elapsed time spent in this place.
 B = Non-inter-level travel time spent in this place.
 C = Inter-level travel time spent in this place.
 D = Time resting spent in this place.
 E = Time spent auto-exploring this place.
 F = Levels seen in this place.
 G = Mean time per level.
                   A        B        C        D        E       F      G
               +--------+--------+--------+--------+--------+-----+--------+
         Total |   4452 |   4277 |    175 |   1670 |   1670 |   7 |  636.0 |
       Dungeon |   4291 |   4149 |    142 |   1670 |   1550 |   6 |  715.2 |
        Temple |    161 |    128 |     33 |      0 |    120 |   1 |  161.0 |
               +--------+--------+--------+--------+--------+-----+--------+

Top non-repeatable levels by time:
     D:4: 1893 daAuts
     D:5: 1075 daAuts
     D:1: 498 daAuts
     D:3: 446 daAuts
     D:2: 329 daAuts
  Temple: 161 daAuts
     D:6: 48 daAuts
